 Dungeon Crawl Stone Soup version 0.29.0-4-gdea44cf6ec (webtiles) character file.

Game seed: 360253708337634203

25 qw the Chopper (level 3, 0/21 HPs)
             Began as a Tengu Warper on Aug 28, 2022.
             Slain by Sigmund
             ... wielding a +0 scythe
              (3 damage)
             ... on level 2 of the Dungeon.
             The game lasted 00:00:06 (916 turns).

qw the Chopper (Tengu Warper)                        Turns: 916, Time: 00:00:06

Health: 0/21       AC:  3    Str: 13    XL:     3   Next: 4%
Magic:  7/7        EV: 12    Int: 13    God:
Gold:   6          SH:  0    Dex: 13    Spells: 6/6 levels left

rFire   . . .      SeeInvis .   Y - +0 hand axe
rCold   . . .      Faith    .   (no shield)
rNeg    . . .      Spirit   .   b - +0 leather armour
rPois   .          Reflect  .   (helmet restricted)
rElec   .          Harm     .   (no cloak)
rCorr   .          Rampage  .   (no gloves)
Will    .....                   (boots unavailable)
Stlth   +.........              (no amulet)
HPRegen 0.07/turn               (no ring)
MPRegen 0.10/turn               (no ring)

@: no status effects
A: beak, talons 3
a: no special abilities


You were on level 2 of the Dungeon.
You visited 1 branch of the dungeon, and saw 2 of its levels.

You collected 50 gold pieces.
You spent 44 gold pieces at shops.


Innate Abilities, Weirdness & Mutations

You have a beak for a mouth.
You have claws for feet.


   Skills:
 - Level 2.0 Fighting
 + Level 3.8 Axes
 - Level 1.0 Throwing
 - Level 1.1 Armour
 - Level 2.1 Dodging
 - Level 2.0 Spellcasting
 - Level 2.4 Translocations


You had 6 spell levels left.
You didn't know any spells.
Your spell library contained the following spells:

 Spells                   Type           Power      Damage    Failure   Level
 Blink                    Tloc           14%        N/A       19%         2
 Gell's Gravitas          Tloc           7%         N/A       36%         3
 Lesser Beckoning         Tloc           7%         N/A       36%         3
 Teleport Other           Tloc           7%         N/A       36%         3
 Manifold Assault         Tloc           7%         N/A       98%         5

Inventory:

Hand Weapons
 d - a +0 club
 Y - a +0 hand axe (weapon)
Armour
 b - a +0 leather armour (worn)
 g - a +0 ring mail
Scrolls
 a - a scroll of identify
 c - a scroll of enchant armour {unknown}
Potions
 e - a potion of magic {unknown}
 f - a potion of curing {unknown}

Dungeon Overview and Level Annotations

Branches:
Dungeon (2/15)

Altars:

Shops:
D:2 [

Annotations:
D:2 Sigmund


Message History

Sigmund the Dreaded comes into view.
He is wielding a +0 scythe.
Sigmund shouts!
A kobold comes into view. It is wielding a +0 short sword.
Sigmund casts a spell at you.
You are confused.
You're too confused to move!
Sigmund casts a spell at you. The puff of flame misses you.
Sigmund gestures at you while chanting. You resist with significant effort.
There is an entrance to Plog's Armour Boutique here.
911 ||| SHOPLISTING +0 leather armour of fire resistance (99 gold, have 50).
You can access your shopping list by pressing '$'.
911 ||| BUYING +0 ring mail (44 gold).
g - a +0 ring mail Thank you for shopping at Plog's Armour Boutique!
You can access your shopping list by pressing '$'.
911 ||| SHOPLISTING +0 ring mail of the Bagpipe {rF+ Stlth+} (228 gold, have 6).
You can access your shopping list by pressing '$'.
911 ||| SHOPLISTING +2 cloak (181 gold, have 6).
You can access your shopping list by pressing '$'.
911 ||| SHOPLISTING +2 scale mail of fire resistance (231 gold, have 6).
You can access your shopping list by pressing '$'.
911 ||| SHOPLISTING +3 chain mail of cold resistance (291 gold, have 6).
You can access your shopping list by pressing '$'.
911 ||| SHOPLISTING +6 plate armour of ponderousness (330 gold, have 6).
You can access your shopping list by pressing '$'.
911 ||| SHOPLISTING +9 plate armour of ponderousness (495 gold, have 6).
You can access your shopping list by pressing '$'.
You bump into the crystal wall.
Sigmund hits you from afar with a +0 scythe.
Sigmund hits you with a +0 scythe.
You're too confused to move!
You barely miss Sigmund.
You feel less confused. Sigmund hits you with a +0 scythe!
You barely miss Sigmund. You claw Sigmund.
Sigmund is moderately wounded.
Sigmund hits you with a +0 scythe.
You die...

.# .# ####### .# .....
#.# #########.#####.#.#
.....K@@.\......#.#
#########.#..####)######
...................
#######.#..#.####.#
...........#:..
######..#.#.#.#
#.......#.#.#.#
#.#.....#.#>#.. #
#.#.......#.###


You could see Sigmund and a kobold.

Vanquished Creatures
  A dart slug (D:2)
  2 ball pythons (D:1)
  2 endoplasms (D:1)
  4 giant cockroaches (D:1)
  3 goblins
  3 quokkas
  2 bats (D:1)
  A frilled lizard (D:1)
  A kobold (D:1)
  2 rats
21 creatures vanquished.

Notes
Turn   | Place    | Note
-------+----------+-------------------------------------------
     0 | D:1      | qw the Tengu Warper began the quest for the Orb.
     0 | D:1      | Reached XP level 1. HP: 12/12 MP: 4/4
     0 | D:1      | 0 ||| qw: Version: 0.1-a-89-g26bdef1
     0 | D:1      | 0 ||| qw: Game counter: 2716
     0 | D:1      | 0 ||| qw: Always use a shield: true
     0 | D:1      | 0 ||| qw: God list: Okawaru
     0 | D:1      | 0 ||| qw: Allow faded altars: false
     0 | D:1      | 0 ||| qw: Do Orc after D:15 true
     0 | D:1      | 0 ||| qw: Do second Lair branch before Depths: true
     0 | D:1      | 0 ||| qw: Lair rune preference: random
     0 | D:1      | 0 ||| qw: Plans: Normal
     0 | D:1      | 0 ||| PLANNING D:1-11
   101 | D:1      | Found a faded altar of an unknown god.
   113 | D:1      | Reached skill level 3 in Axes
   113 | D:1      | Reached XP level 2. HP: 17/17 MP: 6/6
   205 | D:1      | 205 ||| Stepping ~*~*~tactically~*~*~ (stealth).
   497 | D:1      | 497 ||| READING scroll labelled MILOUF PIBEO.
   498 | D:1      | 498 ||| READING scroll labelled ASHIKK YLISUDITUW.
   499 | D:1      | 499 ||| READING scroll labelled ARINNU VAOZXAPTEA.
   632 | D:1      | 632 ||| READING 2 scrolls labelled UHIJIP FAUXY.
   633 | D:1      | 633 ||| READING scroll labelled OSTUGI ZEIMEBI.
   634 | D:1      | 634 ||| DROPPING scroll of blinking.
   635 | D:1      | 635 ||| DROPPING scroll of magic mapping.
   671 | D:2      | 671 ||| Stepping ~*~*~tactically~*~*~ (stealth).
   680 | D:2      | 680 ||| Stepping ~*~*~tactically~*~*~ (stealth).
   682 | D:2      | 682 ||| Stepping ~*~*~tactically~*~*~ (stealth).
   684 | D:2      | 684 ||| Stepping ~*~*~tactically~*~*~ (hiding).
   744 | D:2      | Reached XP level 3. HP: 15/21 MP: 7/7
   896 | D:2      | Found Plog's Armour Boutique.
   907 | D:2      | Noticed Sigmund
   911 | D:2      | 911 ||| SHOPLISTING +0 leather armour of fire resistance
                  | (99 gold, have 50).
   911 | D:2      | 911 ||| BUYING +0 ring mail (44 gold).
   911 | D:2      | Bought a +0 ring mail for 44 gold pieces
   911 | D:2      | 911 ||| SHOPLISTING +0 ring mail of the Bagpipe {rF+
                  | Stlth+} (228 gold, have 6).
   911 | D:2      | 911 ||| SHOPLISTING +2 cloak (181 gold, have 6).
   911 | D:2      | 911 ||| SHOPLISTING +2 scale mail of fire resistance (231
                  | gold, have 6).
   911 | D:2      | 911 ||| SHOPLISTING +3 chain mail of cold resistance (291
                  | gold, have 6).
   911 | D:2      | 911 ||| SHOPLISTING +6 plate armour of ponderousness (330
                  | gold, have 6).
   911 | D:2      | 911 ||| SHOPLISTING +9 plate armour of ponderousness (495
                  | gold, have 6).
   915 | D:2      | HP: 3/21 [Sigmund/+0 scythe (8)]
   916 | D:2      | Slain by Sigmund

Levels and vault maps discovered:
D:1:      nagdon_arrival_zigzag_paths, layout_rooms, basic_ecumenical_altar
D:2:      layout_basic, serial_shops, shop_fountains, nicolae_lakefront_shop,
          nicolae_shop_stone, nicolae_shop_crystal,
          hangedman_decor_diamond_cutter, uniq_natasha, uniq_sigmund,
          uniq_crazy_yiuf_cottage

Skill      XL: |  1 |
---------------+----+-----
Axes           | 3 |  3.8
Fighting       | |  2.0
Throwing       | |  1.0
Armour         | |  1.1
Dodging        | |  2.1
Spellcasting   | |  2.0
Translocations | |  2.4

Action                   || total
-------------------------++-------
Melee: Hand axe          ||    38
       Kick              ||     8
       Peck              ||     3
Throw: Boomerang         ||     7
  Use: Scroll            ||     5
Armor: Leather armour    ||    11
Dodge: Dodged            ||    20

Table legend:
 A = Non-vault XP
 B = Vault XP
 C = Vault XP percentage of total XP
 D = Non-vault monster count
 E = Vault monster count
 F = Vault count percentage of total count
                 A         B        C        D         E       F
            +---------+---------+-------+---------+---------+-------
      Total |      36 |       0 |   0.0 |      21 |       0 |   0.0
            +---------+---------+-------+---------+---------+-------
        D:1 |      26 |       0 |   0.0 |      16 |       0 |   0.0
        D:2 |      10 |       0 |   0.0 |       5 |       0 |   0.0
            +---------+---------+-------+---------+---------+-------
